 Dungeon Crawl Stone Soup version 0.30-a0-137-gd8773701ce (webtiles) character file.

Game seed: 2340157453524821708

18 funkygono the Digger (level 3, 0/20 (26) HPs)
             Began as a Meteoran Earth Elementalist on Sept 22, 2022.
             Succumbed to an adder's poison
             ... on level 2 of the Dungeon.
             The game lasted 00:01:47 (844 turns).

funkygono the Digger (Meteoran Earth Elementalist)   Turns: 844, Time: 00:01:47

HP:   0/20 (26)     AC:  3    Str:  9    XL:     3   Next: 8%
MP:   7/8           EV: 13    Int: 18    God:
Gold: 70            SH:  0    Dex: 15    Spells: 4/8 levels left

rFire   . . .      SeeInvis .    d - +0 whip
rCold   . . .      Faith    .    (no shield)
rNeg    . . .      Spirit   .    a - +0 robe
rPois   .          Reflect  .    (no helmet)
rElec   .          Harm     .    (no cloak)
rCorr   .          Rampage  .    (no gloves)
Will    .....                    e - +0 pair of boots
Stlth   +.........               (no amulet)
HPRegen 0.06/turn                (no ring)
MPRegen 0.11/turn                (no ring)

@: lethally poisoned (0 -> -9), glowing, heavily drained
A: sense surroundings 1, otherworldly, glowing, explore regen
a: no special abilities


You were on level 2 of the Dungeon.
You visited 1 branch of the dungeon, and saw 2 of its levels.

You collected 70 gold pieces.

Inventory:

Hand Weapons
 d - a +0 whip (weapon)
Armour
 a - a +0 robe (worn)
 e - a +0 pair of boots (worn)
Scrolls
 c - 2 scrolls of teleportation {unknown}
 f - 2 scrolls of identify {unknown}
 h - a scroll of enchant armour {unknown}
Potions
 b - a potion of magic
 g - a potion of berserk rage {unknown}
 i - 2 potions of mutation {unknown}


   Skills:
 + Level 2.7 Dodging
 + Level 1.4 Stealth
 + Level 3.0 Spellcasting
 + Level 1.2 Transmutations
 + Level 4.3 Earth Magic


You had 4 spell levels left.
You knew the following spells:

 Your Spells              Type           Power      Damage    Failure   Level
a - Sandblast             Erth           36%        2d10      2%          1
b - Stone Arrow           Conj/Erth      20%        3d8       21%         3

Your spell library contained the following spells:

 Spells                   Type           Power      Damage    Failure   Level
 Passwall                 Tmut/Erth      10%        N/A       8%          2
 Petrify                  Tmut/Erth      12%        N/A       45%         4


Dungeon Overview and Level Annotations

Branches:
Dungeon (2/15) Zot: 540

Altars:


Innate Abilities, Weirdness & Mutations

You passively map a small area around you.
You are easily found by Zot.
You glow in the dark.
You regain HP and MP as you explore.


Message History

Confirm with . or Enter, or press ? or * to list all spells.
Aiming: Sandblast (safe; 2% risk of failure)
Press: ? - help, Shift-Dir - straight line, f/p - bat
Aim: a bat (73% to hit)
The blast of sand hits the bat!
You kill the bat! 2 adders come into view.
The adder moves out of view.
The adder hisses angrily.
Found 7 gold pieces.
You see here 2 gold pieces.
You completely miss the adder. The adder bites you.
You are poisoned.
The adder poisons you!
You closely miss the adder.
You feel sick. The adder bites you.
You are more poisoned.
The adder poisons you! The adder bites you.
You are lethally poisoned!
The adder poisons you!
You hit the adder but do no damage.
You feel very sick. The adder barely misses you.
You hit the adder.
The adder is moderately wounded.
* * * LOW HITPOINT WARNING * * *
You feel very sick. The adder bites you but does no damage.
You closely miss the adder.
The adder is moderately wounded.
* * * LOW HITPOINT WARNING * * *
You feel very sick. The adder barely misses you. The adder misses you.
Casting: Sandblast (safe; 2% risk of failure)
Confirm with . or Enter, or press ? or * to list all spells.
Aiming: Sandblast (safe; 2% risk of failure)
Press: ? - help, Shift-Dir - straight line, f - adder
Aim: an adder (moderately wounded, 70% to hit)
The blast of sand misses the adder.
The blast of sand hits the adder!
The adder is almost dead.
You die...

############
#..........#
##.########.# ...# #.#
#### ######.####### #
..........SS@.########
# *
.#########.##.........*
#* ,, ** #..##.$######,
, #.S.P..P..P..$* ** ,*
#.##PP..P~P... * *
#...####PPP..# * *
#..., ,,###P.# * ##.. ,
## * #~ , *


You could see 2 adders.

Vanquished Creatures
  3 endoplasms
  2 giant cockroaches (D:2)
  3 goblins (D:1)
  A quokka (D:2)
  2 ball pythons (D:1)
  A bat (D:2)
  3 kobolds (D:1)
  2 rats
17 creatures vanquished.

Notes
Turn   | Place    | Note
-------+----------+-------------------------------------------
     0 | D:1      | funkygono the Meteoran Earth Elementalist began the quest
                  | for the Orb.
     0 | D:1      | Reached XP level 1. HP: 14/14 MP: 5/5
    73 | D:1      | Reached XP level 2. HP: 20/20 MP: 3/6
   221 | D:1      | Reached skill level 4 in Earth Magic
   493 | D:1      | Glimpsed the power of Zot.
   540 | D:1      | Glimpsed the power of Zot.
   580 | D:1      | Glimpsed the power of Zot.
   590 | D:1      | Touched by the power of Zot.
   724 | D:2      | Reached XP level 3. HP: 19/19 MP: 5/8
   728 | D:2      | Learned a level 3 spell: Stone Arrow
   844 | D:2      | Succumbed to an adder's poison

Illustrated notes

Levels and vault maps discovered:
D:1:      lemuel_arrival_cross, layout_loops_cross, serial_rivers,
          chequers_serial_rivers_micro_e, chequers_serial_rivers_small_b,
          chequers_serial_rivers_micro_b, chequers_serial_rivers_small_b,
          minmay_misc_feat_four_crosses
D:2:      layout_loops_ring, shapermc_ecumenical_altar_mp_ritualfount,
          wad_floor_pattern_untrapped

Skill      XL: |  1  2 |
---------------+-------+-----
Earth Magic    | 4 |  4.3
Spellcasting   | 3 |  3.0
Dodging        | |  2.7
Stealth        | |  1.4
Transmutations | |  1.2

Action                   || total
-------------------------++-------
Melee: Whip              ||    12
 Cast: Sandblast         ||    25
Armor: Robe              ||     6
Dodge: Dodged            ||    13

Table legend: (Time is in decaauts)
 A = Elapsed time spent in this place.
 B = Non-inter-level travel time spent in this place.
 C = Inter-level travel time spent in this place.
 D = Time resting spent in this place.
 E = Time spent auto-exploring this place.
 F = Levels seen in this place.
 G = Mean time per level.
                   A        B        C        D        E       F      G
               +--------+--------+--------+--------+--------+-----+--------+
         Total |    860 |    840 |     20 |     15 |    661 |   2 |  430.0 |
       Dungeon |    860 |    840 |     20 |     15 |    661 |   2 |  430.0 |
               +--------+--------+--------+--------+--------+-----+--------+

Top non-repeatable levels by time:
     D:1: 698 daAuts
     D:2: 161 daAuts
